 Dungeon Crawl Stone Soup version 0.29.0-11-gd7f09526c8 (webtiles) character file.

Game seed: 2878412972359819259

93 VictoriousLee the Conjurer (level 4, -1/27 HPs)
             Began as an Octopode Hedge Wizard on Sept 5, 2022.
             Slain by an orc wizard
             ... wielding a +0 dagger
              (3 damage)
             ... on level 3 of the Dungeon.
             The game lasted 00:05:38 (2629 turns).

VictoriousLee the Conjurer (Octopode Hedge Wizard)  Turns: 2629, Time: 00:05:38

Health: -1/27      AC:  1    Str:  9    XL:     4   Next: 61%
Magic:  2/8        EV: 13    Int: 18    God:
Gold:   105        SH:  0    Dex: 11    Spells: 3/9 levels left

rFire   . . .      SeeInvis .   a - +0 dagger
rCold   . . .      Faith    .   (no shield)
rNeg    . . .      Spirit   .   b - +0 hat
rPois   .          Reflect  .   (no amulet)
rElec   .          Harm     .   (no ring)
rCorr   .          Rampage  .   (no ring)
Will    .....                   (no ring)
Stlth   +++.......              (no ring)
HPRegen 0.09/turn               (no ring)
MPRegen 0.11/turn               (no ring)
                                (no ring)
                                (no ring)

@: no status effects
A: almost no armour, amphibious, 8 rings, camouflage 1, gelatinous body 1,
(nimble swimmer 1), tentacles
a: no special abilities


You were on level 3 of the Dungeon.
You visited 1 branch of the dungeon, and saw 3 of its levels.

You collected 105 gold pieces.

Inventory:

Hand Weapons
 a - a +0 dagger (weapon)
 n - a +0 sling
Missiles
 g - 5 poisoned darts
Armour
 b - a +0 hat (worn)
Jewellery
 k - a ring of resist corrosion
 l - an amulet of regeneration
Scrolls
 e - a scroll of enchant weapon {unknown}
 f - a scroll of blinking {unknown}
 i - a scroll of poison {unknown}
 j - 4 scrolls of identify {unknown}
 m - 2 scrolls of teleportation {unknown}
Potions
 c - a potion of magic
 d - a potion of curing {unknown}
 h - a potion of resistance {unknown}


   Skills:
 - Level 2.0 Dodging
 - Level 2.6 Stealth
 - Level 3.0 Spellcasting
 + Level 4.0 Conjurations
 - Level 1.0 Summonings
 - Level 1.0 Translocations
 * Level 1.4 Poison Magic


You had 3 spell levels left.
You knew the following spells:

 Your Spells              Type           Power      Damage    Failure   Level
a - Magic Dart            Conj           68%        1d6       3%          1
b - Mephitic Cloud        Conj/Pois/Air  9%         N/A       24%         3
c - Call Imp              Summ           6%         N/A       16%         2

Your spell library contained the following spells:

 Spells                   Type           Power      Damage    Failure   Level
 Slow                     Hex            8%         N/A       16%         1
 Blink                    Tloc           12%        N/A       16%         2
 Conjure Flame            Conj/Fire      9%         6-21      22%         3


Dungeon Overview and Level Annotations

Branches:
Dungeon (3/15)

Altars:


Innate Abilities, Weirdness & Mutations

You cannot wear most types of armour.
You are amphibious.
You can wear up to eight rings at the same time.
Your skin changes colour to match your surroundings (Stealth+).
Your rubbery body absorbs attacks. (AC +1, EV +1)
((You are camouflaged when in or above water. (Stealth+)))
You have tentacles for arms and can constrict up to eight enemies at once.


Message History

Confirm with . or Enter, or press ? or * to list all spells.
A beastly little devil appears in a puff of flame.
Your crimson imp disappears in a puff of smoke!
The orc wizard gestures wildly while chanting.
The orc wizard flickers and vanishes!
Deactivating autopickup; reactivate with Ctrl-A.
The orc wizard points at you and mumbles some strange words.
The puff of flame hits you.
Casting: Call Imp (safe; 16% risk of failure)
Confirm with . or Enter, or press ? or * to list all spells.
A beastly little devil appears in a puff of frigid air.
Your crimson imp disappears in a puff of smoke!
You swap places.
The orc wizard barely misses your white imp.
Your white imp hits the orc wizard but does no damage.
The orc wizard barely misses your white imp.
Your white imp hits the orc wizard but does no damage.
The orc wizard casts a spell at you. The magic dart hits your white imp.
Your white imp gestures at the orc wizard.
The puff of frost hits the orc wizard!
Something hits your white imp but does no damage.
Your white imp gestures at the orc wizard.
The puff of frost hits the orc wizard.
The orc wizard dies!
Your Conjurations skill increases to level 4!
Your Poison Magic skill increases to level 1!
Something hits you. The orc barely misses your white imp. Something hits you.
* * * LOW HITPOINT WARNING * * *
The orc barely misses your white imp. Something hits you.
* * * LOW HITPOINT WARNING * * *
Your white imp closely misses something.
Okay, then.
The orc hits your white imp with a +0 war axe.
There is a stone staircase leading up here.
Something hits you.
You die...

#.#.........
#.....#..#.#
###..†...#
##.....#
#o....#
##.....#.#
#5.......#
#....#...#
#@...##.##
###### ...
##


You could see an orc and a friendly white imp (summoned).

Vanquished Creatures
  An adder (D:2)
  2 worms (D:2)
  2 dart slugs (D:1)
  An orc (D:3)
  2 ball pythons
  2 bats
  6 endoplasms
  4 giant cockroaches
  2 goblins
  3 hobgoblins (D:1)
  2 jackals (D:1)
  A quokka (D:1)
  7 frilled lizards
  2 kobolds (D:1)
  4 rats
41 creatures vanquished.

Vanquished Creatures (collateral kills)
  An orc wizard (D:3)
  A goblin (D:1)
  A jackal (D:1)
  A kobold (D:1)
4 creatures vanquished.

Grand Total: 45 creatures vanquished

Notes
Turn   | Place    | Note
-------+----------+-------------------------------------------
     0 | D:1      | VictoriousLee the Octopode Hedge Wizard began the quest for
                  | the Orb.
     0 | D:1      | Reached XP level 1. HP: 11/11 MP: 4/4
   119 | D:1      | Found a faded altar of an unknown god.
   322 | D:1      | Reached skill level 2 in Conjurations
   322 | D:1      | Reached XP level 2. HP: 17/17 MP: 4/6
   768 | D:1      | Learned a level 2 spell: Call Imp
   925 | D:1      | Reached XP level 3. HP: 21/21 MP: 2/7
   989 | D:1      | Reached skill level 3 in Conjurations
  2147 | D:2      | Reached XP level 4. HP: 25/27 MP: 5/8
  2527 | D:2      | Learned a level 3 spell: Mephitic Cloud
  2621 | D:3      | Reached skill level 4 in Conjurations
  2621 | D:3      | Reached skill level 1 in Poison Magic
  2629 | D:3      | Slain by an orc wizard

Illustrated notes

Levels and vault maps discovered:
D:1:      lemuel_arrival_river_ford, layout_loops_ring,
          ebering_ecumenical_altar_rust
D:2:      layout_loops_ring, moated_statue, minmay_split_cup_small
D:3:      layout_basic, mainiacjoe_overflow_cross_hatched,
          mainiacjoe_overflow_brackets, fiery_altar_vehumet, uniq_natasha

Skill      XL: |  1  2  3  4 |
---------------+-------------+-----
Conjurations   | 2 3 4 |  4.0
Poison Magic   | 1 |  1.4
Dodging        | |  2.0
Stealth        | |  2.6
Spellcasting   | |  3.0
Summonings     | |  1.0
Translocations | |  1.0

Action                   |  1- 3 |  4- 6 || total
-------------------------+-------+-------++-------
Melee: Dagger            |    22 |     5 ||    27
       Constrict         |     6 |     1 ||     7
       Tentacles         |     4 |       ||     4
 Cast: Magic Dart        |    96 |     4 ||   100
       Call Imp          |     2 |     4 ||     6
Armor: Skin              |     5 |       ||     5
Dodge: Dodged            |    18 |       ||    18
